AoeStats
← 一剑扫秋风nelson

Pilgrims

508814340Analyzed
4v4 RM · 8d ago on Sep 24, 2026· 45m 40s· 8 players
Game mode
Random Map
Map size
Large (8 player)
Population
200
Speed
Normal
Resources
Standard
Victory
Conquest
Starting age
Dark Age
Ending age
Imperial Age
RankedLock teamsTeams togetherTeam positionsShared explorationLock speedFull tech treeHidden civsTurbo modeCheats
Victory
Defeat
1971
+4
🇻🇳 Saxons · Vietnam
1924
+5
🇨🇳 Magyars · China
1814
+8
🇮🇳 Koreans · India
1678
+12
🇹🇼 Varangians · Taiwan
1673
-8
🇩🇿 Chinese · Algeria
1622
-7
🇳🇿 Berbers · New Zealand
1612
-7
🇹🇼 Koreans · Taiwan
1609
-7
一剑扫秋风nelson
4:54 Loom
9:28 Feudal Age
15:10 Castle Age
13:35 Double-Bit Axe
15:35 Town Watch
16:08 Fletching
16:46 Bodkin Arrow
20:06 Horse Collar
23:25 Scale Barding Armor
34:03 Wheelbarrow
39:16 Bow Saw
40:22 Heavy Plow
41:27 Hand Cart
45:27 Imperial Age
43:58 Squires
44:03 Gold Mining
45:18 Scale Mail Armor
46:07 Stone Mining
47:18 Two-Man Saw
kerwin
3:02 Loom
12:08 Feudal Age
13:52 Double-Bit Axe
20:50 Castle Age
21:43 Bow Saw
21:45 Medium Warships
22:39 Wheelbarrow
21:49 Town Watch
21:58 Fishing Lines
25:16 Horse Collar
28:46 Fletching
32:35 Bodkin Arrow
37:31 Imperial Age
36:19 Hand Cart
36:29 Scale Barding Armor
36:35 Forging
36:52 Eupseong
37:10 Husbandry
36:30 Light Cavalry
38:33 Conscription
38:21 Arrowslits
38:57 Ballistics
41:51 Chemistry
41:25 Bracer
40:52 Elite War Wagon
41:54 Stone Mining
41:55 Gold Mining
43:48 Iron Casting
43:12 Treadmill Crane
43:43 Masonry
43:39 Siege Engineers
43:29 Murder Holes
44:17 Iron Casting
45:57 Architecture
北冥有鲲
8:36 Loom
11:57 Feudal Age
12:36 Double-Bit Axe
12:34 Fishing Lines
12:55 Town Watch
16:41 Castle Age
15:22 Stone Mining
16:02 Gold Mining
17:35 Medium Warships
19:13 Wheelbarrow
19:55 Bow Saw
20:31 Horse Collar
22:24 Heavy Plow
22:40 Hand Cart
26:14 Scale Barding Armor
27:44 Bloodlines
27:34 Husbandry
27:56 Chain Barding Armor
29:44 Gold Shaft Mining
29:03 Fletching
32:26 Imperial Age
30:36 Corvinian Army
32:30 Ballistics
32:06 Bodkin Arrow
32:25 Elite Skirmisher
33:07 Padded Archer Armor
33:11 Bracer
33:16 Recurve Bow
34:21 Plate Barding Armor
34:05 Padded Archer Armor
35:09 Conscription
35:21 Parthian Tactics
35:38 Thumb Ring
36:40 Leather Archer Armor
36:26 Heavy Cavalry Archer
38:28 Chemistry
37:43 Herbal Medicine
38:00 Fervor
38:10 Sanctity
38:53 Elite Magyar Huszar
40:10 Hoardings
39:46 Sappers
40:45 Town Patrol
40:57 Masonry
40:28 Treadmill Crane
40:40 Guard Tower
42:50 Block Printing
43:56 Coinage
43:27 Caravan
44:34 Crop Rotation
45:06 Two-Man Saw
saymynameBook
9:24 Feudal Age
10:06 Loom
10:07 Town Watch
13:15 Castle Age
13:07 Double-Bit Axe
17:56 Bow Saw
24:04 Sanctity
24:57 Redemption
28:08 Horse Collar
32:20 Fletching
38:21 Bodkin Arrow
40:12 Padded Archer Armor
40:58 Heavy Plow
42:51 Wheelbarrow
45:20 Hand Cart
杜孤
4:39 Loom
10:40 Feudal Age
16:01 Castle Age
15:27 Fletching
15:37 Double-Bit Axe
29:49 Bodkin Arrow
31:54 Town Watch
33:30 Eupseong
37:03 Ballistics
mmmbokchoi
7:38 Loom
10:40 Feudal Age
14:18 Castle Age
12:38 Fletching
15:03 Padded Archer Armor
14:58 Bodkin Arrow
15:17 Medium Warships
15:35 Double-Bit Axe
16:18 Fishing Lines
20:33 Ballistics
21:37 Gillnets
22:07 Town Watch
24:01 Wheelbarrow
30:51 Bow Saw
31:00 Padded Archer Armor
31:47 Bloodlines
31:38 Husbandry
36:54 Hand Cart
37:26 Thumb Ring
38:33 Gold Mining
38:34 Stone Mining
41:57 Imperial Age
41:20 Husbandry
42:59 Bracer
43:06 Siege Engineers
44:15 Leather Archer Armor
44:02 Elite Camel Archer
hl.exe
1:11 Loom
11:51 Feudal Age
12:32 Double-Bit Axe
14:17 Fishing Lines
15:41 Wheelbarrow
14:51 Town Watch
17:56 Fletching
24:18 Castle Age
22:35 Forging
24:14 Horse Collar
25:12 Medium Warships
26:06 Gillnets
26:58 Bow Saw
27:06 Hand Cart
26:44 Gold Mining
28:37 Clinker Construction
28:42 Careening
30:17 Iron Casting
33:46 Hand Cart
36:27 Padded Archer Armor
36:22 Bodkin Arrow
39:20 Imperial Age
39:27 Ballistics
40:39 Bracer
41:07 Leather Archer Armor
41:53 Chemistry
41:05 Elite Genitour
42:11 Thumb Ring
44:22 Ring Archer Armor
45:05 Husbandry
45:15 Bloodlines
鼠條
5:29 Loom
12:36 Feudal Age
13:02 Man-at-Arms
13:53 Arson
16:08 Castle Age
15:09 Fishing Lines
15:49 Double-Bit Axe
17:18 Wheelbarrow
16:54 Fletching
18:54 Hand Cart
19:57 Town Watch
20:47 Squires
20:49 Scale Mail Armor
20:59 Forging
21:08 Gambesons
23:45 Gillnets
31:17 Imperial Age
34:00 Bodkin Arrow
36:33 Stone Mining
36:34 Gold Mining
41:21 Bloodlines
41:12 Husbandry
40:33 Cavalier
41:57 Bow Saw
42:24 Scale Barding Armor
42:57 Iron Casting
44:30 Conscription
Connection lost

Rejoining the realm…

Still unreachable

The connection could not be restored.

Session expired

The server has moved on; the page needs a fresh start.